[Event "*** Titled Tuesday 3|2 Blitz"]
[Site "Chess.com"]
[Date "2015.08.04"]
[Round "7"]
[White "Beca95"]
[Black "Imre91"]
[Result "0-1"]
[WhiteElo "2568"]
[BlackElo "2623"]
[TimeControl "180+2"]
[EndTime "13:02:55 PDT"]
[Termination "Imre91 won by resignation"]

1. d4 d5 2. c4 c6 3. Nf3 Nf6 4. Nc3 a6 5. c5 g6 6. Bf4 Bg7 7. h3 O-O 8. e3 Bf5 9. g4 Be4 10. Nxe4 Nxe4 11. Bd3 Nd7 12. b4 a5 13. a3 b6 14. O-O axb4 15. axb4 Rxa1 16. Qxa1 bxc5 17.
bxc5 Ndxc5 18. Be2 Ne6 19. Bh2 c5 20. Rd1 cxd4 21. exd4 Qa8 22. Qb2 N4g5 23. Nxg5 Nxg5 24. Kg2 Ne6 25. Qb4 Qa7 26. Be5 Bxe5 27. dxe5 Rb8 28.
Qd2 Qa4 29. Bf3 Rd8 30. Kg3 Nc5 31. Qe3 d4 32. Qf4 Qb3 33. Rxd4 Rb8 34. Qd2 Kg7 35. h4 h6 36. Kg2 Ne6 37. Rd7 Rb4 38. Qe3 Nf4+ 39.
Kh2 Qe6 40. Rd4 Rxd4 41. Qxd4 g5 42. h5 Qb3 43. e6+ f6 44. Qe4 Qxe6 45. Qb4 Qe5 46. Qb7 Nxh5+ 47. Kg1 Qe1+ 48. Kg2 Nf4+ 49. Kg3 Qg1+ 50. Bg2 Qxg2+ 51. Qxg2 0-1

[Event "*** Titled Tuesday 3|2 Blitz"]
[Site "Chess.com"]
[Date "2015.08.04"]
[Round "7"]
[White "mortalbovine"]
[Black "stefanodinn"]
[Result "0-1"]
[WhiteElo "1782"]
[BlackElo "2145"]
[TimeControl "180+2"]
[EndTime "13:03:23 PDT"]
[Termination "stefanodinn won by checkmate"]

1. e4 c5 2. d4 cxd4 3. c3 dxc3 4. Nxc3 Nc6 5. Nf3 d6 6. Bc4 e6 7. Bf4 Be7 8. O-O Nf6 9. Qe2 e5 10. Bg3 O-O 11. Rfd1 Bg4 12. Rac1 Nd4 13. Qe3 Bxf3 14. gxf3 Rc8 15. Ne2 Nxe2+ 16. Qxe2 Qb6 17. Rc2 Nh5 18. Rdc1 Rcd8 19. Bd5 Bg5 20. Rd1 Rc8 21. Rxc8 Rxc8 22. f4 Nxf4 23. Qg4 Rf8 24. Kh1 Bh6 25. Qd7 g6 26.
Rc1 Nxd5 27. Rc8 Nf6 28. Rxf8+ Bxf8 29. Qc8 Qc6 30. Qh3 Qxe4+ 31. Kg1 Qf3 32. Qf1 Ne4 33. Bh4 Nf6 34. Bg3 Ng4 35. Qh3 h5 36. Qf1 Nf6 37. Bh4 Ne4 38. Bg3 Qg4 39. Qg2 Nxg3 40. hxg3 h4 41.
Qxb7 hxg3 42. fxg3 Qxg3+ 43. Kf1 Qf4+ 44. Ke2 Qd4 45.
Kf3 d5 46. Kg3 e4 47. Kg4 e3+ 48. Kg5 Qe5+ 49. Kg4 e2 50. b4 e1=Q 51. b5 Q1e4+ 52. Kh3 Qh5+ 53. Kg3 Qhf3+ 54. Kh2 Qee2+ 55. Kg1 Qff1# 0-1

[Event "*** Titled Tuesday 3|2 Blitz"]
[Site "Chess.com"]
[Date "2015.08.04"]
[Round "7"]
[White "NMJeevanK"]
[Black "rhungaski"]
[Result "0-1"]
[WhiteElo "2072"]
[BlackElo "2473"]
[TimeControl "180+2"]
[EndTime "13:03:39 PDT"]
[Termination "rhungaski won by resignation"]

1. e4 e5 2. Nf3 Nc6 3. Bb5 a6 4. Ba4 Nf6 5. O-O Be7 6. Re1 b5 7. Bb3 d6 8. c3 O-O 9. h3 Na5 10. Bc2 c5 11. d4 Qc7 12. Qe2 Nc6 13. d5 Nd8 14. Nbd2 Ne8 15. Nf1 g6 16. Ng3 f6 17.
Bh6 Ng7 18. Nh2 Nf7 19. Bxg7 Kxg7 20. Rf1 Bd7 21. f4 exf4 22. Rxf4 Ne5 23. Raf1 Rf7 24. Rh4 f5 25. Rhf4 Bg5 26. exf5 Bxf4 27. Rxf4 Raf8 28. Nf3 Nxf3+ 29. Qxf3 Qd8 30. Qg4 Kh8 31. a4 bxa4 32. Bxa4 Bxf5 33. Nxf5 Rxf5 34. Re4 Qf6 35. Bc6 Rf4 36.
Rxf4 Qxf4 37. Qe2 a5 38. c4 Kg7 39. b3 h5 40. Qe7+ Rf7 41. Qe2 Qd4+ 42. Kh2 h4 43. Be8 Qf4+ 44. Kg1 Rf8 45. Qe7+ Kh6 46. Bd7 Qf2+ 47. Kh2 Qf4+ 48. Kg1 Qf6 49. Qe3+ g5 50. Bg4 Qd4 51. Qxd4 cxd4 52. Bf3 Rb8 53. Bd1 a4 54. Kf2 a3 55. c5 dxc5 56. d6 a2 57. d7 Rd8 0-1

[Event "*** Titled Tuesday 3|2 Blitz"]
[Site "Chess.com"]
[Date "2015.08.04"]
[Round "7"]
[White "Cruel_Yaro"]
[Black "hansen"]
[Result "1-0"]
[WhiteElo "2513"]
[BlackElo "2485"]
[TimeControl "180+2"]
[EndTime "13:04:10 PDT"]
[Termination "Cruel_Yaro won by resignation"]

1. d4 Nf6 2. c4 g6 3. Nf3 Bg7 4. g3 O-O 5. Bg2 c6 6. Nc3 d5 7.
cxd5 cxd5 8. Ne5 Nc6 9. O-O Bf5 10. Nxc6 bxc6 11. b3 Re8 12. Na4 Nd7 13. Bb2 e5 14.
Rc1 Rc8 15. dxe5 Nxe5 16. Bd4 Qe7 17. Re1 h5 18. Qd2 h4 19. Qa5 h3 20. Bf1 Bh6 21. Ra1 Ra8 22. Qc3 Rac8 23. Nc5 Bg4 24. f3 Bf5 25.
Rad1 f6 26. g4 Be6 27. Nxe6 Qxe6 28. Bxh3 c5 29. Bf2 d4 30. Qb2 Bf4 31. Bg2 Rcd8 32. Bg3 Be3+ 33. Kh1 g5 34. Qc2 Rc8 35. Rf1 Kg7 36. f4 Nxg4 37. fxg5 Bxg5 38. Qd3 Ne3 39. Bf3 Rh8 40. Rg1 Rh3 41. Rc1 Qe7 42. Qe4 Qxe4 43.
Bxe4 Kf7 44. Bf3 Ke7 45. Be4 Kd7 46. Bf3 a5 47. a4 Ke7 48. Be4 f5 49. Bf3 Bh6 50.
Bf2 Kf6 51. Bg3 Bg5 52. Bb7 Rch8 53. Rxc5 f4 54. Rc6+ Ke7 55. Rc7+ Ke6 56. Rc6+ Ke7 57. Rc7+ Kd6 58. Rc6+ Kd7 59. Bxf4 Bh6 60. Rc7+ Kd8 61.
Rc8+ Kd7 62. Rxh8 1-0

[Event "*** Titled Tuesday 3|2 Blitz"]
[Site "Chess.com"]
[Date "2015.08.04"]
[Round "7"]
[White "Krutoy123"]
[Black "Just-Live-Simply"]
[Result "1-0"]
[WhiteElo "2134"]
[BlackElo "2021"]
[TimeControl "180+2"]
[EndTime "13:04:22 PDT"]
[Termination "Krutoy123 won by checkmate"]

1. e4 e6 2. d4 d5 3. Nc3 Bb4 4. e5 Ne7 5. a3 Bxc3+ 6. bxc3 c5 7. Nf3 b6 8. h4 Ba6 9. Bxa6 Nxa6 10. h5 h6 11. O-O Nb8 12. dxc5 bxc5 13. c4 Nbc6 14.
cxd5 Qxd5 15. Qe2 Nd4 16. Nxd4 cxd4 17. Rd1 O-O 18. c3 Nf5 19. cxd4 Rfd8 20. Be3 Rac8 21. Rac1 Rxc1 22. Rxc1 Nxd4 23. Bxd4 Qxd4 24. g3 Qd3 25.
Qb2 Qf3 26. Qc2 Qxh5 27. Qc7 Rf8 28. a4 Qe2 29. Qxa7 Qxe5 30. a5 Qb8 31. Qc5 Qb7 32.
Qd6 Ra8 33. Rc5 Qa6 34. Qd7 Ra7 35. Qd8+ Kh7 36. Qd2 Ra8 37. Qc2+ Kg8 38. Qc3 Qb7 39. Rc7 Qd5 40. Rc5 Qb7 41. Qe5 Rd8 42. Rc1 Rd5 43. Qc3 Rh5 44. f3 Qb8 45. Kg2 Rg5 46. f4 Qb7+ 47. Kf2 Rb5 48. Rd1 Rb2+ 49. Rd2 Rxd2+ 50.
Qxd2 Qa6 51. Qb4 Qa7+ 52. Qb6 Qd7 53. Ke3 Qa4 54. a6 Qa3+ 55. Kd4 Qa1+ 56. Kc5 Qc3+ 57. Kd6 Qd3+ 58. Ke7 Kh7 59. a7 Qd5 60. Qa6 Qc5+ 61.
Kxf7 Qc7+ 62. Kxe6 Qc3 63. a8=Q Qe3+ 64. Kd6 Qd4+ 65.
Qd5 Qf6+ 66. Qe6 Qd4+ 67. Kc7 Qc5+ 68. Kd8 Qf8+ 69. Qe8 Qf5 70. Qae6 Qd3+ 71. Q8d7 Qb1 72. Qf5+ Qxf5 73. Qxf5+ Kh8 74. Ke8 Kg8 75. g4 Kh8 76. g5 h5 77. g6 Kg8 78. Qf8# 1-0

[Event "*** Titled Tuesday 3|2 Blitz"]
[Site "Chess.com"]
[Date "2015.08.04"]
[Round "7"]
[White "Carolina-moon"]
[Black "kesarev"]
[Result "1/2-1/2"]
[WhiteElo "1992"]
[BlackElo "2179"]
[TimeControl "180+2"]
[EndTime "13:04:23 PDT"]
[Termination "Game drawn by repetition"]

1. e4 c5 2. Nc3 e6 3. g3 Nc6 4. Bg2 g6 5. Nge2 Bg7 6. O-O h5 7. h4 d6 8. d3 Nge7 9. Be3 Nd4 10. Qd2 Rb8 11. a4 Nec6 12. f4 f5 13. exf5 gxf5 14.
Nb5 a6 15. Nbxd4 cxd4 16. Bf2 Kf7 17. Kh2 Qb6 18. b3 Bd7 19. Ng1 Qb4 20. Qe2 Bf6 21. Bf3 Kg6 22. Nh3 Rbe8 23. Be1 Qb6 24. a5 Qb5 25.
Bd2 Nd8 26. Ra4 Bc6 27. Rc4 Rh7 28. Ng5 Bxg5 29. fxg5 e5 30. Bxc6 bxc6 31. Rxf5 Qd5 32. Rf6+ Kg7 33. Qf2 c5 34. Qf5 Rg8 35. Qd7+ Kh8 36.
Qf5 Nf7 37. g6 Nh6 38. Qxh5 e4 39. Qxd5 Ng4+ 40. Kg2 e3 41. Qxg8+ Kxg8 42. gxh7+ Kxh7 43. Rf7+ Kg6 44. Rf8 exd2 45. Rg8+ Kf7 46. Rxg4 d1=Q 47. Rf4+ Ke6 48. h5 Qxh5 49. Rh4 Qe2+ 50. Kh3 Qf1+ 51.
Kg4 Kd5 52. Rh5+ Kc6 53. Rh6 Qe2+ 54. Kg5 Qe5+ 55. Kh4 Qg7 56. Rh5 Kb5 57. b4 Qe7+ 58.
Kh3 Qe6+ 59. g4 Qe3+ 60. Kh4 Qe1+ 61. Kg5 Qe5+ 62. Kg6 Qe6+ 63. Kg5 Qe5+ 64. Kh4 Qh2+ 65. Kg5 Qe5+ 66. Kh4 Qh2+ 67. Kg5 Qe5+ 1/2-1/2

[Event "*** Titled Tuesday 3|2 Blitz"]
[Site "Chess.com"]
[Date "2015.08.04"]
[Round "7"]
[White "arnacman"]
[Black "dabee"]
[Result "0-1"]
[WhiteElo "2240"]
[BlackElo "2445"]
[TimeControl "180+2"]
[EndTime "13:04:29 PDT"]
[Termination "dabee won by resignation"]

1. e4 e5 2. Bc4 Nf6 3. d3 h6 4. Nf3 Nc6 5. c3 g6 6. O-O Bg7 7. Re1 O-O 8. Bb3 d5 9. exd5 Nxd5 10. Na3 Re8 11. Nc4 Kh7 12. h3 f5 13. Ne3 Nf4 14. d4 e4 15. Nh2 Nd3 16. Rf1 f4 17. Nc4 Qg5 18. Kh1 Qh4 19. Qe2 f3 20. Nxf3 exf3 21. Qxd3 fxg2+ 22. Kxg2 Rf8 23. Bd2 Ne7 24. Ne5 Nf5 25. Rae1 Qh5 26. Re4 Nh4+ 27. Kh2 Bf5 28. Bd1 Bxe5+ 29. dxe5 Bxe4 30. Qxe4 Nf3+ 31. Bxf3 Rxf3 32.
Qg4 Qxe5+ 33. Kg2 Raf8 34. Be3 Qd5 35. Kg1 h5 36. Qg2 Qf5 37. Kh2 Qe5+ 38. Kg1 Qe6 39. Kh2 Qd6+ 40. Kg1 Qe6 41. Rd1 Qxa2 42. Rd7+ R3f7 43.
Rxf7+ Rxf7 44. Qg5 Qe6 45. Bxa7 Qxh3 46. Qe5 Qg4+ 47.
Kf1 b6 48. Bb8 Qf3 49. Qd4 Qh1+ 50. Ke2 Re7+ 51. Kd2 Qe1+ 52. Kc2 Qe2+ 53. Kb3 Qb5+ 54. Ka2 Qa6+ 55. Kb3 Qb5+ 56. Ka2 Qd7 57. Qf4 Qc8 58. Qf6 Rg7 59. Ba7 Qa6+ 60. Kb3 Qxa7 61. f4 Qa5 62. c4 Qf5 0-1

[Event "*** Titled Tuesday 3|2 Blitz"]
[Site "Chess.com"]
[Date "2015.08.04"]
[Round "7"]
[White "Janosik"]
[Black "DeviatkinAndrey"]
[Result "1-0"]
[WhiteElo "2555"]
[BlackElo "2533"]
[TimeControl "180+2"]
[EndTime "13:04:32 PDT"]
[Termination "Janosik won by resignation"]

1. Nf3 d5 2. d4 c6 3. c4 Nf6 4. e3 Bf5 5. Nc3 e6 6. Nh4 Bg6 7. Nxg6 hxg6 8. Bd3 Nbd7 9. O-O Bd6 10. h3 O-O 11.
Qc2 e5 12. cxd5 cxd5 13. Nb5 Bb8 14. dxe5 Nxe5 15. Bd2 a6 16. Nd4 Qd6 17. f4 Nxd3 18. Qxd3 Ne4 19. a3 Ba7 20. Bb4 Bc5 21. Bxc5 Nxc5 22.
Qd2 Rfe8 23. Rfe1 Ne4 24. Qb4 Qd7 25. Rac1 Rac8 26. Nf3 f6 27. Red1 Rxc1 28. Rxc1 Rc8 29. Rd1 Qc6 30. Qd4 Rd8 31. Nd2 Re8 32. Nf1 Rd8 33.
Nd2 Re8 34. Nf3 Kh7 35. Qxd5 Qc2 36. Kh2 Qf2 37. Qf7 Qg3+ 38. Kg1 Nf2 39. Qxe8 Nxh3+ 40. Kh1 Nf2+ 41. Kg1 Nh3+ 42. Kh1 Nf2+ 43. Kg1 Nxd1 44.
f5 Nxb2 45. Qe4 Nd1 46. fxg6+ Qxg6 47. Qd4 Qb1 48. Qh4+ Kg8 49. Qc4+ Kh7 50. Qh4+ Kg8 51. Qc4+ Kf8 52. Kh2 Qa1 53. Qc8+ Ke7 54. Qxb7+ Kf8 55. Qc8+ Kf7 56. Qb7+ Kg8 57. Qxa6 Qc3 58. Qa8+ Kh7 59.
Qe4+ Kh8 60. Qe8+ Kh7 61. Qh5+ Kg8 62. Qd5+ Kh7 63. Qxd1 Qxa3 64. Qc2+ Kh6 65. Qe4 Qd6+ 66. Qf4+ Qxf4+ 67. exf4 Kg6 68. Kg3 Kf5 69. Nh4+ Ke4 70. Kg4 Kd5 71. g3 Ke4 72. Nf5 g6 73. Nh4 f5+ 74.
Kg5 1-0

[Event "*** Titled Tuesday 3|2 Blitz"]
[Site "Chess.com"]
[Date "2015.08.04"]
[Round "7"]
[White "Fh2411"]
[Black "ER404"]
[Result "1-0"]
[WhiteElo "2193"]
[BlackElo "2071"]
[TimeControl "180+2"]
[EndTime "13:04:49 PDT"]
[Termination "Fh2411 won by resignation"]

1. e4 c5 2. Nf3 d6 3. d4 cxd4 4.
Nxd4 Nf6 5. Nc3 Nc6 6. h3 e5 7. Nb3 Be7 8. Bg5 O-O 9. Bc4 a5 10. a4 Nxe4 11. Nxe4 Bxg5 12. Qxd6 Qxd6 13. Nxd6 Be7 14.
Nxc8 Raxc8 15. c3 Nd4 16. cxd4 Rxc4 17. dxe5 Bb4+ 18. Kf1 Re8 19. Rc1 Rxe5 20. g3 Rxc1+ 21. Nxc1 Rd5 22. Kg2 Rd2 23. b3 Bc5 24. Rf1 f5 25.
Kf3 Kf7 26. h4 Kf6 27. g4 fxg4+ 28. Kxg4 Rxf2 29. Rxf2+ Bxf2 30. Nd3 Bd4 31. Kf3 Kf5 32.
Nf4 Bf6 33. Ng2 h6 34. Ne3+ Ke6 35. Nc4 Bc3 36. Ke4 g6 37. Ne3 Be1 38. Ng2 Bf2 39. Nf4+ Kf7 40. Ng2 Ke7 41. Ke5 Bg3+ 42. Ke4 Ke6 43. Kf3 Be5 44. Ke4 Bc3 45. Ne3 Be1 46. Ng2 Bf2 47. Kf3 Bc5 48. Ke4 b6 49. Nf4+ Kf6 50.
Nd5+ Kf7 51. Nf4 Bf2 52. Ng2 Bg3 53. Kf3 Bd6 54. Ke4 Ke6 55. Ne3 Bg3 56. Ng2 Kd6 57.
Kd4 Kc6 58. Kc4 Bf2 59. Kd3 Bg3 60. Kc4 Bh2 61. Ne1 Bg3 62. Nf3 Bf2 63. Ne5+ Kc7 64. Nxg6 Bg3 65. h5 Bf2 66. Kd5 Kd7 67. Ne5+ Kc7 68.
Ng4 Bh4 69. Nxh6 Bg5 70. Nf5 Bf6 71. h6 Bh8 72. Ne7 Kd7 73. Ng6 1-0

[Event "*** Titled Tuesday 3|2 Blitz"]
[Site "Chess.com"]
[Date "2015.08.04"]
[Round "7"]
[White "PauloCesarCosta"]
[Black "josiwales"]
[Result "0-1"]
[WhiteElo "2007"]
[BlackElo "2068"]
[TimeControl "180+2"]
[EndTime "13:04:52 PDT"]
[Termination "josiwales won on time"]

1. Nf3 f5 2. d3 Nf6 3. Bg5 e6 4. e4 fxe4 5. dxe4 Be7 6. Nbd2 O-O 7. Bd3 Nc6 8. O-O d6 9. h3 e5 10. c3 Be6 11. Bxf6 Bxf6 12. Bc4 Qe7 13. Bxe6+ Qxe6 14. Qb3 Qxb3 15. axb3 a6 16. b4 Ne7 17. Ra5 Nc6 18.
Ra2 Rad8 19. Raa1 Ne7 20. Rfe1 c6 21. Rad1 h6 22. Nf1 Ng6 23. Ne3 Ne7 24. Nc4 Nc8 25. Rd3 g6 26. Red1 Be7 27. Nh2 Kg7 28. Ng4 h5 29. Nh2 g5 30. Nf1 Rf4 31. f3 Rdf8 32.
Nce3 Kf6 33. Nf5 Ke6 34. Nxe7 Kxe7 35. Ng3 h4 36. Nf5+ R8xf5 37. exf5 Rxf5 38. c4 Ke6 39. b3 Rf7 40. Kf2 Rf4 41. Ke2 Rf6 42. Re3 Ne7 43. Red3 Nf5 44. Re1 Nd4+ 45. Kd1 c5 46. bxc5 dxc5 47. b4 b6 48. bxc5 bxc5 49. Ra3 Kf5 50. Rae3 Rb6 51. Rxe5+ Kf4 52. R1e4+ Kg3 53. Rg4+ Kf2 54.
Rgxg5 Rb1+ 55. Kd2 a5 56. f4 a4 57. f5 a3 58. f6 a2 59. f7 a1=Q 60. f8=Q+ Kg1 61.
Ke3 Re1+ 62. Kf4 Rf1+ 63. Kg4 Rxf8 64. Kxh4 Qd1 0-1

[Event "*** Titled Tuesday 3|2 Blitz"]
[Site "Chess.com"]
[Date "2015.08.04"]
[Round "7"]
[White "Zlatan56"]
[Black "wonderfultime"]
[Result "1/2-1/2"]
[WhiteElo "2468"]
[BlackElo "2632"]
[TimeControl "180+2"]
[EndTime "13:05:38 PDT"]
[Termination "Game drawn - insufficient material"]

1. c4 c6 2. Nf3 d5 3. e3 Nf6 4.
Nc3 Bf5 5. cxd5 cxd5 6. Qb3 Nc6 7. Qxb7 Bd7 8. Qb3 Rb8 9. Qd1 e5 10. d4 Bd6 11. dxe5 Nxe5 12. Be2 O-O 13. O-O Qe7 14. Nd4 Rfc8 15. h3 Rb6 16. Qc2 Bb4 17. Bd2 Bxc3 18. Bxc3 Ne4 19. f4 Nxc3 20. bxc3 Nc4 21. Bxc4 Qxe3+ 22. Qf2 Qxf2+ 23. Rxf2 dxc4 24. Re1 Kf8 25. f5 Ra6 26.
Re3 Re8 27. Rxe8+ Kxe8 28. Re2+ Kf8 29. Rb2 Ke7 30. g4 Ra3 31. Ne2 h5 32. Kf2 hxg4 33. hxg4 g6 34. Ke3 gxf5 35. gxf5 Bxf5 36. Kd4 Kf6 37. Nf4 Ra4 38. Nd5+ Kg5 39. Rf2 Bg6 40. Ne3 f5 41. Rg2+ Kh6 42. Rf2 Kg5 43. Rg2+ Kf6 44. Nd5+ Kf7 45. Nf4 Bh7 46. Rh2 Kg7 47. Ke5 Ra5+ 48.
Ke6 Bg8+ 49. Ke7 Re5+ 50. Kd6 Re3 51. Rg2+ Kf7 52. Nd5 Re6+ 53. Kc5 Kf8 54. Nf4 Re3 55. Rc2 Bf7 56. Kb4 Re4 57. Rf2 Ke7 58. a4 Kf6 59. a5 Ke5 60. Ne2 f4 61. Nd4 Bd5 62. Nb5 a6 63. Nc7 Bb7 64. Kc5 Re1 65. Kb6 Bc8 66. Nxa6 Rb1+ 67. Ka7 Rb7+ 68. Ka8 Rb3 69. Nb4 Rxc3 70.
Kb8 Bg4 71. Kc7 Ra3 72. a6 f3 73. Nc6+ Ke4 74. a7 Ke3 75. Rf1 f2 76. Kb6 Bf3 77. Na5 Ra4 78. Kb5 Rxa5+ 79. Kxa5 c3 80. Kb4 c2 81.
Kc3 Bd1 82. Kb2 Bf3 83. Kxc2 Ke2 84. Rxf2+ Kxf2 85. a8=Q Bxa8 1/2-1/2

[Event "*** Titled Tuesday 3|2 Blitz"]
[Site "Chess.com"]
[Date "2015.08.04"]
[Round "7"]
[White "Keaton87"]
[Black "BIG_Pirate"]
[Result "1-0"]
[WhiteElo "2435"]
[BlackElo "2260"]
[TimeControl "180+2"]
[EndTime "13:06:23 PDT"]
[Termination "Keaton87 won on time"]

1. d4 d5 2. c4 c6 3. Nf3 Nf6 4. Nc3 e6 5. cxd5 exd5 6. Qc2 Bd6 7. Bg5 O-O 8. e3 h6 9. Bh4 Nbd7 10. Bd3 Re8 11. O-O Nf8 12. Rab1 a5 13. a3 N8d7 14.
b4 axb4 15. axb4 b5 16. Bg3 Bxg3 17. hxg3 Bb7 18. Rfc1 Nb6 19. Ne5 Nfd7 20. Nxd7 Qxd7 21.
Ne2 Qd6 22. Nf4 Nc4 23. Bxc4 dxc4 24. Qf5 Bc8 25. Qc5 Rd8 26. d5 Bf5 27. Rb2 cxd5 28. Qxb5 g5 29. Nh5 Bg6 30. Qxd5 Qxd5 31. Nf6+ Kg7 32.
Nxd5 Rxd5 33. Rxc4 Rb8 34. g4 Rdb5 35. Kh2 Rd5 36. e4 Rd7 37. f3 Rdb7 38. Kg3 f6 39. Rd4 Bf7 40. Rb1 Kf8 41. Rb2 Ke7 42. Rb1 Ke6 43.
Rh1 Rh8 44. Rhd1 Ke5 45. Rd7 Rxd7 46. Rxd7 Be6 47. Rb7 h5 48. gxh5 Rxh5 49. b5 Rh1 50.
Rb8 Rb1 51. Rb6 Bc4 52. Rc6 Bxb5 53. Rc5+ Ke6 54. Rc2 Bd7 55. Ra2 Rb6 56. Rc2 Rc6 57. Rb2 Ra6 58. Rc2 Bc6 59. Rb2 Bd7 60. Rc2 Kd6 61.
Rb2 Be6 62. Rc2 Ra2 63. Rc1 Bd7 64. Rb1 Bc6 65. Rc1 Rb2 66. Rd1+ Ke6 67. Rc1 Kd7 68. Rd1+ Kc7 69. Rc1 Rd2 70. Rb1 Kd6 71. Rc1 Kd7 72.
Ra1 Rc2 73. Rd1+ Ke6 74. Ra1 Bb5 75. Rd1 Bc4 76. Ra1 Ra2 77. Rc1 Bb5 78. Rb1 Bd7 79.
Rc1 Ke7 80. Rd1 g4 81. fxg4 Ra3+ 82. Kf4 Be6 83. g5 fxg5+ 84. Kxg5 Rg3+ 85. Kf4 Rxg2 86. Ra1 Rf2+ 87. Ke5 Bd7 88. Ra7 Rh2 89. Rc7 Rh5+ 90. Kd4 Kd6 91. Ra7 Rh4 92. Ra5 Bc6 93. Re5 Rg4 94. Ra5 Rxe4+ 95. Kc3 Bd5 96. Ra6+ Ke5 97. Ra3 Re3+ 98. Kb4 Re2 99. Kc3 Rg2 100. Kb4 Kd4 101. Rh3 Rb2+ 102. Ka3 Rb7 103. Rh4+ Be4 104. Ka4 1-0

[Event "*** Titled Tuesday 3|2 Blitz"]
[Site "Chess.com"]
[Date "2015.08.04"]
[Round "8"]
[White "Mugzyyy"]
[Black "Janosik"]
[Result "1-0"]
[WhiteElo "2627"]
[BlackElo "2530"]
[TimeControl "180+2"]
[EndTime "13:09:27 PDT"]
[Termination "Mugzyyy won by resignation"]

1. d4 Nf6 2. c4 e6 3. Nc3 Bb4 4.
Nf3 b6 5. Qb3 Bxc3+ 6. Qxc3 Bb7 7. g3 O-O 8. Bg2 d6 9. O-O a5 10. b3 Nbd7 11. Bb2 Qe7 12. Rad1 Rfd8 13. Rfe1 Be4 14.
Bf1 c5 15. Nd2 cxd4 16. Qxd4 Bc6 17. e4 e5 18. Qe3 Nc5 19. f3 Rab8 20. Ba3 Nfd7 21.
Nb1 Ne6 22. Nc3 Ndc5 23. Nd5 Qf8 24. Bb2 f5 25. exf5 Qxf5 26. Ne7+ 1-0

[Event "*** Titled Tuesday 3|2 Blitz"]
[Site "Chess.com"]
[Date "2015.08.04"]
[Round "8"]
[White "ChadaevNikolay"]
[Black "facu57"]
[Result "1-0"]
[WhiteElo "2603"]
[BlackElo "2406"]
[TimeControl "180+2"]
[EndTime "13:09:30 PDT"]
[Termination "ChadaevNikolay won by resignation"]

1. d4 Nf6 2. Bg5 c5 3. Bxf6 gxf6 4. d5 d6 5. g3 f5 6. c3 Nd7 7.
Bg2 Bg7 8. Nd2 b5 9. Nh3 b4 10. Qc2 bxc3 11. bxc3 Qa5 12. Rc1 Nb6 13. O-O Bd7 14.
Nf4 O-O 15. e4 Qa4 16. Qd3 fxe4 17. Bxe4 f5 18. Bg2 Be5 19. c4 Bxf4 20. gxf4 Rf7 21.
Kh1 Qa3 22. Qxa3 1-0

[Event "*** Titled Tuesday 3|2 Blitz"]
[Site "Chess.com"]
[Date "2015.08.04"]
[Round "8"]
[White "AnthonyWirig"]
[Black "jefferyx"]
[Result "0-1"]
[WhiteElo "2497"]
[BlackElo "2459"]
[TimeControl "180+2"]
[EndTime "13:10:15 PDT"]
[Termination "jefferyx won by resignation"]

1. d4 b5 2. e4 a6 3. a4 b4 4.
c4 Bb7 5. d5 e6 6. Nf3 Bc5 7.
Nbd2 Nf6 8. Nb3 Nxe4 9. Nxc5 Nxc5 10. Qd4 Nb3 11. Qxg7 Rf8 12. Bh6 Qe7 13. Qxf8+ Qxf8 14. Bxf8 Nxa1 15. Bxb4 Nc2+ 16. Kd2 Nxb4 17. Kc3 a5 18. Kd4 exd5 19. cxd5 Bxd5 20. Bb5 Bxf3 21. gxf3 N8c6+ 22. Ke4 Kf8 23. Kf5 Re8 24. Rg1 Re5+ 25. Kg4 Ke7 26. f4 h5+ 27. Kg3 Rf5 28. Rd1 Rd5 29. Re1+ Kf6 30. Re8 Nd4 31. Bc4 Rc5 32. b3 d5 33. Bf1 Rc3+ 34. Kh4 Nf5+ 35. Kxh5 Ng7+ 36. Kg4 Nxe8 0-1

[Event "*** Titled Tuesday 3|2 Blitz"]
[Site "Chess.com"]
[Date "2015.08.04"]
[Round "8"]
[White "Chesseducation4u"]
[Black "Keaton87"]
[Result "1-0"]
[WhiteElo "2486"]
[BlackElo "2428"]
[TimeControl "180+2"]
[EndTime "13:11:10 PDT"]
[Termination "Chesseducation4u won by resignation"]

1. Nf3 Nf6 2. g3 g6 3. b3 Bg7 4.
Bb2 O-O 5. Bg2 d5 6. O-O c5 7.
c4 Nc6 8. cxd5 Nxd5 9. Bxg7 Kxg7 10. Qc2 b6 11. d4 Nxd4 12. Qb2 f6 13. Rd1 Bb7 14. Nxd4 cxd4 15. Rxd4 e5 16. Rd1 Rf7 17. e4 1-0

[Event "*** Titled Tuesday 3|2 Blitz"]
[Site "Chess.com"]
[Date "2015.08.04"]
[Round "8"]
[White "pKiLz5Rn9b"]
[Black "ajkom197"]
[Result "1-0"]
[WhiteElo "2402"]
[BlackElo "2243"]
[TimeControl "180+2"]
[EndTime "13:11:53 PDT"]
[Termination "pKiLz5Rn9b won by resignation"]

1. e4 c6 2. d4 d5 3. Nc3 dxe4 4.
Nxe4 Nd7 5. Nf3 Ngf6 6. Ng3 c5 7.
Be2 e6 8. O-O b6 9. c3 Bb7 10.
Be3 Be7 11. Ne5 O-O 12. Bf3 Bxf3 13. Qxf3 cxd4 14. Nc6 Qe8 15. Bxd4 Nc5 16. Rfe1 Nd5 17. Nxe7+ Nxe7 18. Nh5 Nf5 19. Bxg7 f6 20. Nxf6+ Kxg7 21. Nxe8+ Raxe8 22. Re5 Ne7 23. Qg3+ Ng6 24. Rae1 Rd8 25. h4 Kh8 26. Rg5 Rd2 27. h5 Nf4 28. Qe3 Rd5 29.
Rxd5 Nxd5 30. Qe5+ Rf6 31. c4 Nd3 32. Qd4 Nxe1 33.
cxd5 Kg7 34. d6 Kf7 35. d7 1-0

[Event "*** Titled Tuesday 3|2 Blitz"]
[Site "Chess.com"]
[Date "2015.08.04"]
[Round "8"]
[White "BIG_Pirate"]
[Black "pedromartinez91"]
[Result "0-1"]
[WhiteElo "2249"]
[BlackElo "2138"]
[TimeControl "180+2"]
[EndTime "13:12:14 PDT"]
[Termination "pedromartinez91 won by resignation"]

1. Nf3 d5 2. c4 Nc6 3. cxd5 Qxd5 4. Nc3 Qd8 5. g3 e5 6. Bg2 Nf6 7. d3 Bd6 8. O-O h6 9. a3 O-O 10. b4 Nd4 11. Bb2 Nxf3+ 12. Bxf3 c6 13. Bg2 Bg4 14. h3 Be6 15. Qc2 Qd7 16. Kh2 a5 17. b5 cxb5 18. Qd2 b4 19. Ne4 Nxe4 20. Bxe4 Ra7 21. Bg2 b5 22. Rfc1 bxa3 23. Bxa3 b4 24. Bb2 a4 25. d4 a3 26. dxe5 axb2 27. Qxb2 Rxa1 28. Rxa1 Be7 29.
f4 b3 30. e4 Bc5 31. Re1 Qd4 32. Qe2 Bc4 33. Qg4 b2 34. f5 Qxe5 0-1

[Event "*** Titled Tuesday 3|2 Blitz"]
[Site "Chess.com"]
[Date "2015.08.04"]
[Round "8"]
[White "LyonBeast"]
[Black "SenseiJulio"]
[Result "0-1"]
[WhiteElo "2677"]
[BlackElo "2605"]
[TimeControl "180+2"]
[EndTime "13:12:24 PDT"]
[Termination "SenseiJulio won by resignation"]

1. e4 e6 2. d4 d5 3. Nc3 Nf6 4. e5 Nfd7 5. f4 c5 6. Nf3 Nc6 7. Be3 Be7 8. Qd2 O-O 9. O-O-O c4 10. f5 b5 11. Kb1 b4 12. f6 gxf6 13. Ne2 fxe5 14.
dxe5 Ndxe5 15. Bh6 Ng4 16. Ng3 c3 17. Qf4 e5 18.
Nxe5 Ncxe5 19. Bxf8 Bxf8 20. Be2 Qf6 21. Qd4 Qb6 22.
Rhe1 Qxd4 23. Rxd4 Ne3 24. Bf3 Nxf3 25. gxf3 Bc5 26.
Rd3 d4 27. Ne4 Bb6 28. Rg1+ Kf8 29. Nf6 Bf5 30. Rg8+ Ke7 31. Rxa8 Kxf6 0-1

[Event "*** Titled Tuesday 3|2 Blitz"]
[Site "Chess.com"]
[Date "2015.08.04"]
[Round "8"]
[White "eugeniusjr"]
[Black "fancyknightmaneuvers"]
[Result "0-1"]
[WhiteElo "1933"]
[BlackElo "2173"]
[TimeControl "180+2"]
[EndTime "13:12:31 PDT"]
[Termination "fancyknightmaneuvers won by resignation"]

1. c4 Nf6 2. g3 e5 3. Bg2 d6 4.
Nc3 g6 5. d3 Bg7 6. e4 O-O 7.
Nge2 c6 8. O-O a6 9. h3 b5 10. f4 b4 11. Nb1 exf4 12. Bxf4 d5 13. exd5 cxd5 14. Bg5 Bb7 15. Kh1 h6 16. Bd2 Qd7 17. Bxb4 Rd8 18. Ba5 dxc4 19. Nf4 Bxg2+ 20. Kxg2 Qb7+ 21.
Kg1 Rd7 22. Qf3 Nc6 23. Bc3 cxd3 24. Nxd3 Nd4 0-1

[Event "*** Titled Tuesday 3|2 Blitz"]
[Site "Chess.com"]
[Date "2015.08.04"]
[Round "8"]
[White "proxy6"]
[Black "drifblim"]
[Result "0-1"]
[WhiteElo "1909"]
[BlackElo "2039"]
[TimeControl "180+2"]
[EndTime "13:12:36 PDT"]
[Termination "drifblim won by resignation"]

1. e4 e6 2. d4 d5 3. Nc3 Nf6 4.
Bg5 Be7 5. e5 Nfd7 6. Bxe7 Qxe7 7.
f4 a6 8. Nf3 c5 9. Qd2 Nc6 10.
dxc5 Nxc5 11. Bd3 Nxd3+ 12. cxd3 O-O 13. O-O Bd7 14. Kh1 Rac8 15. Ne2 f6 16. Ned4 Nxd4 17. Nxd4 fxe5 18. fxe5 Qh4 19. Qe3 h6 20. g3 Qh3 21.
Rxf8+ Rxf8 22. Qe2 Be8 23. Rg1 Bh5 24. g4 Bg6 25.
Rd1 Qh4 26. Qg2 Bxd3 27. Rxd3 Qe1+ 28. Qg1 Rf1 29. Rg3 Rxg1+ 30. Rxg1 Qe4+ 0-1

[Event "*** Titled Tuesday 3|2 Blitz"]
[Site "Chess.com"]
[Date "2015.08.04"]
[Round "8"]
[White "fpawn"]
[Black "Carolina-moon"]
[Result "1-0"]
[WhiteElo "2096"]
[BlackElo "1986"]
[TimeControl "180+2"]
[EndTime "13:13:00 PDT"]
[Termination "fpawn won on time"]

1. e4 c5 2. Nc3 Nc6 3. g3 g6 4. Bg2 Bg7 5. d3 e6 6. Be3 Nd4 7. Nce2 Ne7 8. c3 Nxe2 9. Nxe2 d6 10. O-O O-O 11. f4 Rb8 12. a4 a6 13. a5 Nc6 14.
Qa4 Bd7 15. Qa3 Qc7 16. Rfd1 b5 17. axb6 Rxb6 18. Rd2 Rfb8 19. d4 Rb3 20. Qa2 cxd4 21. Nxd4 Nxd4 22. Bxd4 Bxd4+ 23. cxd4 Qb6 24. Rad1 Rxb2 25.
Rxb2 Qxb2 26. Qxa6 Qb4 27. Qd3 Bb5 28. Qd2 Qa3 29. Rb1 Qa6 30. Bf1 Rb7 31. Qb4 1-0